 Dungeon Crawl Stone Soup version 0.24.1 (webtiles) character file.

Game seed: 11411057722506816834, levelgen mode: deterministic

1990 Destapler the Blocker (level 9, -14/70 HPs)
             Began as a Minotaur Berserker on Mar 27, 2020.
             Was an Elder of Trog.
             Killed from afar by a steam dragon (16 damage)
             ... with a ball of steam
             ... on level 7 of the Dungeon.
             The game lasted 00:18:36 (6514 turns).

Destapler the Blocker (Minotaur Berserker)          Turns: 6514, Time: 00:18:37

Health: -14/70     AC:  6    Str: 25    XL:     9   Next: 1%
Magic:  10/10      EV:  8    Int:  9    God:    Trog [****..]
Gold:   220        SH: 19    Dex: 10    Spells: 8/8 levels left

rFire    . . .     SeeInvis .   b - +3 falchion (flame)
rCold    + . .     Gourm    .   o - +1 large shield
rNeg     + . .     Faith    +   A - +0 ring mail
rPois    .         Spirit   .   (helmet restricted)
rElec    .         Reflect  .   (no cloak)
rCorr    .         Harm     .   (no gloves)
MR       ++...                  y - +0 pair of boots
Stlth    ++........             w - amulet of faith
HPRegen  1.21/turn              t - ring of positive energy
MPRegen  0.12/turn              n - ring of protection from cold

@: brilliant, regenerating
A: retaliatory headbutt, horns 2
a: Berserk, Trog's Hand, Brothers in Arms, Renounce Religion


You were on level 7 of the Dungeon.
You worshipped Trog.
Trog was greatly pleased with you.
You were near starving.

You visited 1 branch of the dungeon, and saw 7 of its levels.

You collected 220 gold pieces.

Inventory:

Hand Weapons
 a - a +0 hand axe
 b - a +3 falchion of flaming (weapon)
Missiles
 g - 157 stones
 p - 4 atropa-tipped darts (quivered)
 q - 20 poisoned darts
 r - 3 boomerangs
Armour
 o - a +1 large shield (worn)
 s - a +0 leather armour
 y - a +0 pair of boots (worn)
 A - a +0 ring mail (worn)
Jewellery
 n - a ring of protection from cold (right hand)
 t - a ring of positive energy (left hand)
 w - an amulet of faith (around neck)
Wands
 B - a wand of clouds (5)
Scrolls
 d - a scroll of fog
 e - 3 scrolls of remove curse
 f - 2 scrolls of enchant armour
 h - 2 scrolls of teleportation
 l - 3 scrolls of identify
Potions
 i - a potion of curing
 j - a potion of magic
Comestibles
 c - 9 rations


   Skills:
 - Level 3.6 Fighting
 - Level 7.5 Axes
 - Level 2.4 Armour
 - Level 2.1 Dodging
 * Level 4.6 Stealth
 * Level 9.6 Shields
 - Level 3.0 Evocations


You had 8 spell levels left.
You didn't know any spells.
Your spell library contained the following spells:

 Spells                   Type           Power        Failure   Level  Hunger
 Animate Skeleton         Necr           N/A          38%         1    ##.....
 Apportation              Tloc           #.....       38%         1    ##.....
 Confusing Touch          Hex            #.....       38%         1    ##.....
 Pain                     Necr           #...         38%         1    ##.....
 Summon Small Mammal      Summ           #...         38%         1    ##.....
 Regeneration             Chrm/Necr      #.........   71%         3    ####...
 Vampiric Draining        Necr           #.........   71%         3    ####...
 Animate Dead             Necr           N/A          96%         4    #####..


Dungeon Overview and Level Annotations

Branches:
Dungeon (7/15)             Temple (0/1) D:4

Altars:
Elyvilon
Gozag
Okawaru
Qazlal
Ru
Uskayaw
Vehumet


Innate Abilities, Weirdness & Mutations

You reflexively headbutt those who attack you in melee.
You have a pair of horns on your head.


Message History

You are near starving!
You are engulfed in a cloud of scalding steam.
* * * LOW HITPOINT WARNING * * *
You block the steam dragon's attack. The steam dragon claws you.
* * * LOW HITPOINT WARNING * * *
You block the scorpion's attack.
You're too hungry.
You hit the steam dragon but do no damage.
Your headbutt misses the steam dragon.
The steam dragon is heavily wounded.
You block the scorpion's attack. You block the steam dragon's attack. x2
You hit the steam dragon. You burn the steam dragon.
The steam dragon is severely wounded.
You feel the effects of Trog's Hand fading.
You block the hound's attack. You block the steam dragon's attack. x2
You block the scorpion's attack. The hound bites you.
* * * LOW HITPOINT WARNING * * *
The steam dragon breathes steam at you. The ball of steam hits you!
You die...

.............D.o.<.....#
.......................#
..$..................#.#
....................##
...................##
.....?..########.###
........### #.#
.......sD.######.#
......†@h........
............####
###...#...#..#
##.§.#...##.###.#
#....#........./.
#####....###..#.###..
#.......###..##.#.
#..................
#.......#).###.....


You could see a steam dragon, a scorpion and a hound.

Vanquished Creatures
  2 orc warriors
  A sky beast (D:7)
  3 phantoms (D:4)
  3 ogres
  A centaur (D:6)
  4 bullfrogs (D:6)
  2 scorpions
  A water moccasin skeleton (D:7)
  A howler monkey (D:5)
  3 wights (D:3)
  A crimson imp (D:6)
  A hound (D:5)
  2 orc priests
  A centaur skeleton (D:4)
  An iguana (D:6)
  2 orc wizards
  5 worker ants
  A worker ant zombie (D:7)
  A howler monkey skeleton (D:6)
  3 adders
  2 shadow imps
  3 worms
  2 dart slugs
  5 leopard geckos
  10 orcs
  8 giant cockroaches
  8 goblins
  9 hobgoblins
  4 jackals (D:3)
  8 kobolds
  2 quokkas
  A ball python (D:3)
  4 bats
  8 frilled lizards
  A quokka skeleton (D:6)
  5 rats
119 creatures vanquished.

Vanquished Creatures (others)
  A bullfrog (D:7)
1 creature vanquished.

Grand Total: 120 creatures vanquished

Notes
Turn   | Place    | Note
-------+----------+-------------------------------------------
     0 | D:1      | Destapler the Minotaur Berserker began the quest for the
                  | Orb.
     0 | D:1      | Reached XP level 1. HP: 19/19 MP: 0/0
    17 | D:1      | You fall into a shaft and drop 1 floor!
    73 | D:1      | Reached XP level 2. HP: 23/26 MP: 1/1
   520 | D:1      | Reached skill level 5 in Axes
  1520 | D:2      | Found a white marble altar of Elyvilon.
  1536 | D:2      | Reached XP level 3. HP: 31/31 MP: 2/2
  1704 | D:2      | Reached ** piety under Trog
  1987 | D:2      | Reached skill level 1 in Shields
  2344 | D:3      | Reached XP level 4. HP: 24/39 MP: 3/3
  2510 | D:3      | Found a radiant altar of Vehumet.
  2597 | D:3      | Reached skill level 2 in Shields
  2707 | D:3      | Reached skill level 3 in Shields
  2713 | D:3      | Reached XP level 5. HP: 14/45 MP: 4/4
  2715 | D:3      | Reached skill level 4 in Shields
  3253 | D:4      | Noticed a phantom
  3284 | D:4      | Killed a phantom
  3284 | D:4      | Reached skill level 5 in Shields
  3284 | D:4      | Reached XP level 6. HP: 28/51 MP: 5/5
  3600 | D:4      | Reached skill level 6 in Shields
  3729 | D:4      | Found a staircase to the Ecumenical Temple.
  3730 | D:4      | Reached XP level 7. HP: 57/57 MP: 6/6
  4026 | D:4      | Reached *** piety under Trog
  4111 | D:4      | Reached skill level 7 in Shields
  4438 | D:5      | Entered Level 5 of the Dungeon
  4851 | D:5      | HP: 4/85 [orc warrior/+0 glaive (4)]
  4852 | D:5      | Reached skill level 1 in Stealth
  5104 | D:5      | Reached skill level 1 in Evocations
  5113 | D:5      | Reached XP level 8. HP: 62/64 MP: 7/7
  5153 | D:5      | Reached skill level 8 in Shields
  5517 | D:6      | Found an opulent altar of Gozag.
  5649 | D:6      | Reached skill level 9 in Shields
  5733 | D:6      | Found a hide-covered altar of Uskayaw.
  5739 | D:6      | Found an iron altar of Okawaru.
  5931 | D:6      | Reached **** piety under Trog
  6496 | D:7      | Found a stormy altar of Qazlal.
  6496 | D:7      | Found a sacrificial altar of Ru.
  6511 | D:7      | Reached XP level 9. HP: 8/70 MP: 10/10
  6512 | D:7      | HP: 2/70 [steam dragon] (4)]
  6514 | D:7      | Killed from afar by a steam dragon

Levels and vault maps discovered:
D:1:      lemuel_arrival_rhombus, layout_loops_corners
D:2:      layout_basic, elyvilon_altar_1, st_stairs_8,
          chequers_serial_rivers_marsh, minmay_misc_feat_rugged
D:3:      cheibrodos_helix_gallery, layout_loops_ring, overflow_temple_1_default
D:4:      layout_loops_corners, minmay_temple_entry_glassed_door, first_ration,
          corexii_checkpoint_b
D:5:      layout_basic, nrook_loot_triangle, guppyfry_early_orc_mine
D:6:      layout_basic, old_standard_altar, minitemple
D:7:      layout_rooms, ashenzari_altar_1,
          chequers_temple_overflow_statue_of_worship, enter_bailey_8

Skill      XL: |  1  2  3  4  5  6  7  8 |
---------------+-------------------------+-----
Axes           | 4 5 6 7 |  7.5
Shields        | 1 3 5 6 7 9 |  9.6
Stealth        | 2 4 |  4.6
Evocations     | 1 3 |  3.0
Fighting       | |  3.6
Armour         | |  2.4
Dodging        | |  2.1

Action                   |  1- 3 |  4- 6 |  7- 9 || total
-------------------------+-------+-------+-------++-------
Melee: Hand axe          |    93 |    63 |       ||   156
       Headbutt          |    10 |    17 |    29 ||    56
       Falchion          |       |    20 |   169 ||   189
Throw: Dart              |     1 |       |       ||     1
Invok: Berserk           |       |     1 |     2 ||     3
       Trog's Hand       |       |       |     2 ||     2
  Use: Scroll            |       |     4 |     7 ||    11
       Potion            |       |     1 |     4 ||     5
 Stab: Invisible         |     1 |       |       ||     1
       Sleeping          |       |       |     5 ||     5
  Eat: Chunk             |     4 |     6 |    10 ||    20
Armor: Animal skin       |    20 |     5 |       ||    25
       Leather armour    |       |     4 |     2 ||     6
       Ring mail         |       |       |    33 ||    33
Dodge: Dodged            |    55 |    52 |    51 ||   158
Block: Large shield      |       |       |   105 ||   105
       Rpst.: Falchion   |       |     5 |    11 ||    16
